 Dungeon Crawl Stone Soup version 0.26-a0-672-g1df16c3386 (webtiles) character file.

Game seed: 16051711962819419032

110605 BruhMomento the Fencer (level 16, -3/201 HPs)
             Began as a Demonspawn Berserker on Oct 19, 2020.
             Was a High Priest of Trog.
             Slain by a demonic crawler (6 damage)
             ... on level 4 of the Spider Nest.
             The game lasted 00:44:25 (34005 turns).

BruhMomento the Fencer (Demonspawn Berserker)      Turns: 34005, Time: 00:44:26

Health: -3/201     AC: 33    Str: 30    XL:     16   Next: 7%
Magic:  16/16      EV: 13    Int: 10    God:    Trog [*****.]
Gold:   2158       SH:  5    Dex: 13    Spells: 15/15 levels left

rFire    + . .     SeeInvis .   c - +2 double sword of Kisadot {vamp, *Noise Str+7 Stlth+}
rCold    + + .     Faith    .   q - +0 buckler
rNeg     . . .     Spirit   .   J - +1 plate armour
rPois    .         Reflect  .   (no helmet)
rElec    .         Harm     .   F - +2 cloak {rC+}
rCorr    .         Rampage  .   (gloves unavailable)
MR       +++..                  (no boots)
Stlth    ..........             r - amulet of the acrobat
HPRegen  1.43/turn              d - +4 ring of protection
MPRegen  0.15/turn              k - ring of protection from fire

@: berserking, sanguine armour, very slightly contaminated, regenerating, hasted
and slowed, invisible
A: claws 3, cold resistance 1, spiny 2, freezing cloud immunity, sanguine armour
2
a: Berserk, Trog's Hand, Brothers in Arms, Renounce Religion


You were on level 4 of the Spider Nest.
You worshipped Trog.
Trog was extremely pleased with you.
You visited 3 branches of the dungeon, and saw 25 of its levels.
You also visited: Ice Cave.

You collected 2158 gold pieces.

Inventory:

Hand Weapons
 c - the +2 double sword of Kisadot (weapon) {vamp, *Noise Str+7 Stlth+}
   (You acquired it on level 2 of the Lair of Beasts)

   It inflicts no extra harm, but heals its wielder when it wounds a living foe.
   It affects your strength (+7).
   It may make noises in combat.
   It makes you more stealthy.
 I - the +10 broad axe "Yduiriab" {drain, rPois Str+4 Dex+3}
   (You found it on level 6 of the Dungeon)

   A truly terrible weapon, it drains the life of those it strikes.
   It affects your strength (+4).
   It affects your dexterity (+3).
   It protects you from poison.
 V - the +4 falchion of a Labyrinth {flame, MR+ Dex+2}
   (You found it on level 13 of the Dungeon)

   It has been specially enchanted to burn those struck by it, causing extra
   injury to most foes and up to half again as much damage against particularly
   susceptible opponents.
   Big, fiery blades are also staple armaments of hydra-hunters.
   It affects your dexterity (+2).
   It affects your resistance to hostile enchantments.
 Y - a +1 hunting sling of freezing
Missiles
 v - 108 poisoned darts (quivered)
Armour
 q - a +0 buckler (worn)
 F - a +2 cloak of cold resistance (worn)
 J - a +1 plate armour (worn)
Jewellery
 d - a +4 ring of protection (left claw)
 j - an uncursed ring of see invisible
 k - a ring of protection from fire (right claw)
 r - an amulet of the acrobat (around neck)
 x - an uncursed ring of ice {unknown}
 C - an uncursed ring of poison resistance
 S - the ring of Wanudu Mumy {+Fly MR+, unknown}
   (You found it on level 4 of the Lair of Beasts)

   [ring of protection from magic]

   It affects your resistance to hostile enchantments.
   It lets you fly.
 W - an uncursed amulet of reflection {unknown}
Wands
 u - a wand of flame (11)
 y - a wand of enslavement (22)
 D - a wand of iceblast (63)
 E - a wand of polymorph (11)
 H - a wand of random effects (33)
 K - a wand of acid (25)
 L - a wand of disintegration (35)
 Q - a wand of paralysis (20)
Scrolls
 a - 6 scrolls of magic mapping
 b - 8 scrolls of teleportation
 g - 4 scrolls of blinking
 h - 11 scrolls of remove curse
 o - 2 scrolls of torment {unknown}
 s - 3 scrolls of identify
 w - 5 scrolls of enchant weapon
 B - 5 scrolls of fog
 N - a scroll of holy word {unknown}
 P - 4 scrolls of enchant armour
 T - a scroll of vulnerability {unknown}
 U - 2 scrolls of summoning
 X - a scroll of acquirement
Potions
 e - 3 potions of might
 i - a potion of lignification
 l - 6 potions of flight
 m - 2 potions of ambrosia
 n - 6 potions of haste
 p - 10 potions of curing
 t - 2 potions of mutation
 z - 4 potions of stabbing
 A - a potion of invisibility
 G - a potion of resistance
 M - a potion of berserk rage
 O - a potion of magic
 R - 5 potions of cancellation


   Skills:
 - Level 14.4 Fighting
 - Level 16.0 Long Blades
 - Level 13.0 Armour
 - Level 10.2 Dodging
 + Level 3.7 Shields


You had 15 spell levels left.
You didn't know any spells.
Your spell library was empty.

Dungeon Overview and Level Annotations

Branches:
Dungeon (15/15)            Temple (0/1) D:6            Lair (6/6) D:9
 Shoals (0/4) Lair:2       Spider (4/4) Lair:2        Slime (0/5) Lair:6
    Orc (0/2) D:9          Vaults (0/5) D:14         Depths (0/5) D:15
  IceCv (visited)

Altars:
Cheibriados
Elyvilon
Fedhas
Okawaru
Ru
Uskayaw
Wu Jian
The Shining One
Beogh

Shops:
D:10 :   D:13 (

Annotations:
Lair:3 exclusion: oklob plant


Innate Abilities, Weirdness & Mutations

You have claws for hands.
Your flesh is cold resistant. (rC+)
You are mostly covered in sharp spines.
You are immune to freezing clouds.
When seriously injured, your bleeding wounds create thick armour. (AC +9)


Message History

The demonic crawler hits you.
* * * LOW HITPOINT WARNING * * *
The demonic crawler closely misses you.
You are very lightly contaminated with residual magic.
A red film seems to cover your vision as you go berserk!
You feel yourself moving faster!
You feel mighty!
The tarantella bites you but does no damage. x2
The demonic crawler is struck by your spines.
The demonic crawler closely misses you.
You riposte.
You slice the demonic crawler!!
The demonic crawler is severely wounded.
The demonic crawler hits you but does no damage.
The demonic crawler hits you.
* * * LOW HITPOINT WARNING * * *
The entropy weaver pulls away from the web.
The demonic crawler hits you but does no damage.
The demonic crawler hits you!
* * * LOW HITPOINT WARNING * * *
The demonic crawler hits you.
You die...

.#......#..#
...#....#.^#
.....#.....###
#...^..#.#..#
............#
. .......#...#
....##..ss...#
.$......w@.#
.#..B..#ss##
..^.....s##
#^..B.#..#
#.s..###..
....# #.# ....
.#. ... . . .
.


You could see 2 entropy weavers, a torpor snail, 2 demonic crawlers, an orb
spider, a jumping spider and 2 tarantellas.

Vanquished Creatures
  Gastronok (Lair:1)
  An emperor scorpion (Spider:2)
  3 entropy weavers (Lair:5)
  Snorg (D:11)
  Fannar (D:10)
  5 hydras
  4 ghost crabs (Lair:5)
  3 centaur warriors
  A catoblepas (Lair:4)
  2 dancing weapons (D:14)
  The ghost of lunkers the Frost Mage, a journeyman OpIE of Vehumet (D:10)
  9 two-headed ogres
  Urug (Lair:4)
  An ogre mage (D:15)
  A tengu warrior (D:15)
  Sonja (D:11)
  5 fire crabs (Lair:5)
  4 unseen horrors
  3 necromancers
  A wizard (D:15)
  Pikel (D:4)
  2 orb spiders (Spider:2)
  4 orc knights
  10 wolf spider zombies (Spider:1)
  6 wolf spiders
  2 deep elf magi
  2 ugly things
  2 cyclopes
  2 orc sorcerers (D:15)
  2 centaur zombies
  An apocalypse crab (Lair:5)
  4 black mambas
  A naga mage (D:15)
  22 cane toads
  An ice statue (IceCv)
  A gargoyle (D:13)
  11 komodo dragons
  2 centaur skeletons
  A demonic crawler (Spider:2)
  6 rime drakes
  10 freezing wraiths (IceCv)
  8 redback zombies (Spider:1)
  9 jumping spiders (Spider:2)
  2 polar bears (Lair:6)
  A hornet (D:15)
  3 trolls
  5 tyrant leeches (Lair:6)
  8 slime creatures (D:15)
  23 blink frogs
  A snapping turtle (Lair:2)
  9 tarantella zombies (Spider:1)
  12 redbacks
  2 shadows
  6 wyverns
  A vampire (D:14)
  7 wraiths
  73 yaks
  Sigmund (D:5)
  9 tarantellas
  3 basilisks
  Eustachio (D:5)
  12 vampire mosquitoes
  A death yak simulacrum (IceCv)
  3 wargs (D:9)
  A harpy simulacrum (D:15)
  A soldier ant (D:13)
  An acid dragon (D:10)
  22 water moccasins
  15 ice beasts
  9 orc warriors
  3 sky beasts
  A black bear (Lair:2)
  2 hornet zombies (D:15)
  A black bear (shapeshifter) (D:13)
  10 ogres
  3 phantoms (D:9)
  14 wolves
  17 centaurs
  2 big kobolds
  27 bullfrogs
  A gnoll sergeant (D:7)
  2 wyvern skeletons
  6 scorpions
  2 troll zombies (D:9)
  23 killer bees
  An elephant simulacrum (IceCv)
  A swamp dragon simulacrum (IceCv)
  8 wights (D:10)
  2 electric eels (Lair:2)
  4 howler monkeys
  4 bullfrog zombies
  4 draconian simulacra (IceCv)
  A jelly (D:6)
  11 orc priests
  20 orc wizards
  A bullfrog skeleton (D:13)
  6 hounds
  4 iguanas
  15 hell rats
  2 spriggan simulacra (IceCv)
  10 troll simulacra (IceCv)
  11 worker ants
  A wolf simulacrum (IceCv)
  A killer bee zombie (D:7)
  A centaur simulacrum (IceCv)
  4 ogre zombies (D:9)
  2 hound skeletons
  A howler monkey zombie (D:5)
  3 gnolls (D:7)
  A howler monkey skeleton (D:7)
  2 naga simulacra (IceCv)
  10 river rats
  11 adders
  An ogre simulacrum (IceCv)
  2 shadow imps
  14 white imps
  7 ufetubi
  3 oozes
  An adder zombie (D:8)
  2 worms (D:2)
  A dart slug (D:2)
  7 leopard geckos
  74 orcs
  A ball python (D:4)
  3 giant cockroaches
  5 goblins
  7 hobgoblins
  4 jackals (D:4)
  5 quokkas
  17 bats
  6 frilled lizards
  A goblin skeleton (D:9)
  2 goblin zombies (D:9)
  5 hobgoblin zombies (D:9)
  A jackal zombie (D:8)
  18 kobolds
  2 leopard gecko skeletons (D:5)
  A leopard gecko zombie (D:8)
  3 orc skeletons (D:9)
  8 orc zombies (D:9)
  A quokka skeleton (D:6)
  12 rats
861 creatures vanquished.

Vanquished Creatures (others)
  A tarantella (Spider:3)
  A yak (shapeshifter) (D:15)
  40 fungi
  102 plants
144 creatures vanquished.

Grand Total: 1005 creatures vanquished

Notes
Turn   | Place    | Note
-------+----------+-------------------------------------------
     0 | D:1      | BruhMomento the Demonspawn Berserker began the quest for
                  | the Orb.
     0 | D:1      | Reached XP level 1. HP: 18/18 MP: 1/1
   437 | D:1      | Reached skill level 3 in Long Blades
   437 | D:1      | Gained mutation: You are partially covered in sharp spines.
                  | [demonic ancestry]
   437 | D:1      | Reached XP level 2. HP: 23/24 MP: 2/2
   976 | D:2      | Reached XP level 3. HP: 22/30 MP: 3/3
  1740 | D:2      | Found a faded altar of an unknown god.
  1778 | D:2      | Reached ** piety under Trog
  1867 | D:2      | Reached XP level 4. HP: 37/37 MP: 4/4
  2223 | D:3      | Found a blossoming altar of Fedhas.
  2418 | D:3      | Found a sacrificial altar of Ru.
  2935 | D:4      | Reached skill level 4 in Long Blades
  2944 | D:4      | Gained mutation: You are mostly covered in sharp spines.
                  | [demonic ancestry]
  2944 | D:4      | Reached XP level 5. HP: 43/43 MP: 5/5
  3349 | D:4      | Noticed a lemure
  3350 | D:4      | Noticed Pikel
  3351 | D:4      | Noticed a lemure
  3352 | D:4      | Noticed a lemure
  3353 | D:4      | Noticed a lemure
  3375 | D:4      | Killed Pikel
  3375 | D:4      | Reached skill level 5 in Long Blades
  3375 | D:4      | Gained mutation: You have sharp fingernails. [demonic
                  | ancestry]
  3375 | D:4      | Reached XP level 6. HP: 12/52 MP: 6/6
  3375 | D:4      | Reached XP level 7. HP: 13/58 MP: 7/7
  3891 | D:4      | Reached skill level 6 in Long Blades
  4322 | D:5      | Entered Level 5 of the Dungeon
  4610 | D:5      | Gained mutation: When seriously injured, your bleeding
                  | wounds create armour. (AC +9) [demonic ancestry]
  4610 | D:5      | Reached XP level 8. HP: 61/67 MP: 8/8
  4704 | D:5      | Noticed Eustachio
  4722 | D:5      | Killed Eustachio
  4820 | D:5      | Reached *** piety under Trog
  4924 | D:5      | Reached skill level 7 in Long Blades
  5121 | D:5      | Noticed Sigmund
  5129 | D:5      | Killed Sigmund
  6058 | D:6      | Found a white marble altar of Elyvilon.
  6058 | D:6      | Found a snail-covered altar of Cheibriados.
  6402 | D:6      | Reached skill level 8 in Long Blades
  6726 | D:6      | Reached **** piety under Trog
  6740 | D:6      | Gained mutation: You have very sharp fingernails. [demonic
                  | ancestry]
  6740 | D:6      | Reached XP level 9. HP: 39/75 MP: 9/9
  7003 | D:6      | Found a staircase to the Ecumenical Temple.
  7182 | D:6      | Got an encrusted broad axe
  7195 | D:6      | Identified the +10 broad axe "Yduiriab" {drain, rPois Str+4
                  | Dex+3} (You found it on level 6 of the Dungeon)
  7362 | D:7      | Found an iron altar of Okawaru.
  7444 | D:7      | You fall into a shaft and drop 3 floors!
  7444 | D:10     | Entered Level 10 of the Dungeon
  7444 | D:10     | Found Vauberch's Book Emporium.
  7853 | D:8      | Noticed a two-headed ogre
  7862 | D:8      | Killed a two-headed ogre
  7862 | D:8      | Reached skill level 10 in Fighting
  7862 | D:8      | Reached skill level 9 in Long Blades
  8146 | D:8      | Noticed a two-headed ogre
  8151 | D:8      | Reached ***** piety under Trog
  8177 | D:8      | Killed a two-headed ogre
  8177 | D:8      | Gained mutation: Your flesh is cold resistant. (rC+)
                  | [demonic ancestry]
  8177 | D:8      | Reached XP level 10. HP: 75/86 MP: 10/10
  8690 | D:7      | Reached skill level 10 in Long Blades
  8887 | D:7      | Received a gift from Trog
  9403 | D:7      | Found an ornate altar of the Wu Jian Council.
  9572 | D:9      | Found a staircase to the Lair.
  9788 | D:9      | Reached skill level 5 in Armour
  9987 | D:9      | Found a staircase to the Orcish Mines.
 10282 | D:9      | Noticed a two-headed ogre
 10296 | D:9      | Killed a two-headed ogre
 10760 | D:9      | Noticed a +0 hand axe
 10761 | D:9      | Noticed a +0 hand axe
 10763 | D:9      | Found a hide-covered altar of Uskayaw.
 10799 | D:9      | Received a gift from Trog
 11439 | D:10     | Noticed a two-headed ogre
 11446 | D:10     | Killed a two-headed ogre
 11446 | D:10     | Gained mutation: You are immune to freezing clouds.
                  | [demonic ancestry]
 11446 | D:10     | Reached XP level 11. HP: 51/93 MP: 11/11
 11664 | D:10     | Killed an unseen horror
 11894 | D:10     | Found a runed translucent gate.
 11895 | D:10     | Found a runed translucent gate.
 12136 | D:10     | Found a runed translucent gate.
 12140 | D:10     | Noticed lunkers's ghost (journeyman OpIE)
 12152 | D:10     | Killed lunkers's ghost
 12413 | D:10     | Reached skill level 10 in Armour
 12617 | D:10     | Killed an unseen horror
 13028 | D:11     | Killed an unseen horror
 13057 | D:11     | Found a runed translucent door.
 13072 | D:11     | Noticed Sonja
 13080 | D:11     | Killed Sonja
 13458 | D:11     | Noticed a brown ugly thing
 13467 | D:11     | Killed a brown ugly thing
 13467 | D:11     | Reached XP level 12. HP: 51/100 MP: 12/12
 13666 | D:11     | Noticed Snorg
 13677 | D:11     | Killed Snorg
 13971 | D:11     | Noticed Fannar
 14057 | D:10     | Killed Fannar
 14485 | D:11     | Found a roughly hewn altar of Beogh.
 14653 | D:12     | Received a gift from Trog
 15603 | D:13     | Found Luqid's Antique Weapon Shoppe.
 15867 | D:13     | Reached skill level 5 in Dodging
 15935 | D:13     | Noticed a two-headed ogre
 15936 | D:13     | Noticed a centaur warrior
 15944 | D:13     | Killed a two-headed ogre
 15954 | D:13     | Killed a centaur warrior
 16772 | D:13     | Got an ivory falchion
 16794 | D:13     | Identified the +4 falchion of a Labyrinth {flame, MR+
                  | Dex+2} (You found it on level 13 of the Dungeon)
 17060 | D:13     | Got a slimy falchion
 17061 | D:13     | Identified the +0 falchion "Qergh" {drain, *Slow rC++} (You
                  | found it on level 13 of the Dungeon)
 17213 | D:14     | Noticed a centaur warrior
 17222 | D:14     | Killed a centaur warrior
 17426 | D:14     | Reached XP level 13. HP: 103/106 MP: 13/13
 17574 | D:14     | Received a gift from Trog
 17579 | D:14     | Found a gate to the Vaults.
 17942 | D:15     | Entered Level 15 of the Dungeon
 18698 | D:15     | Reached skill level 10 in Dodging
 18807 | D:15     | Found a staircase to the Depths.
 19049 | D:15     | Reached skill level 11 in Long Blades
 20157 | Lair:1   | Entered Level 1 of the Lair of Beasts
 20658 | Lair:1   | Noticed Gastronok
 20683 | Lair:1   | Killed Gastronok
 20683 | Lair:1   | Reached skill level 12 in Long Blades
 21529 | Lair:2   | Reached XP level 14. HP: 104/113 MP: 14/14
 21748 | Lair:2   | Received a gift from Trog
 22195 | Lair:2   | Identified a scroll of acquirement
 22195 | Lair:2   | Acquired the +2 double sword of Kisadot {vamp, *Noise Str+7
                  | Stlth+}
 22293 | Lair:2   | Found a hole to the Spider Nest.
 22813 | Lair:2   | Found a staircase to the Shoals.
 23267 | Lair:3   | Reached skill level 13 in Long Blades
 24383 | Lair:4   | Noticed Urug
 24399 | Lair:4   | Killed Urug
 24569 | Lair:4   | Reached skill level 14 in Long Blades
 24604 | Lair:4   | Found a frozen archway.
 24628 | IceCv    | Entered an ice cave
 24661 | IceCv    | Reached ****** piety under Trog
 24937 | IceCv    | Received a gift from Trog
 25113 | IceCv    | Found an ancient bone altar of Kikubaaqudgha.
 26349 | Lair:4   | Got a faintly glowing ivory ring
 26843 | Lair:5   | Found a runed translucent door.
 26940 | Lair:5   | Reached skill level 15 in Long Blades
 27042 | Lair:5   | Found a glowing golden altar of the Shining One.
 27885 | Lair:5   | Noticed an entropy weaver
 27896 | Lair:5   | Killed an entropy weaver
 27896 | Lair:5   | Received a gift from Trog
 28038 | Lair:5   | Gained mutation: You have claws for hands. [demonic
                  | ancestry]
 28038 | Lair:5   | Reached XP level 15. HP: 118/118 MP: 15/15
 28818 | Lair:6   | Entered Level 6 of the Lair of Beasts
 28840 | Lair:6   | Reached skill level 16 in Long Blades
 30105 | Lair:6   | Received a gift from Trog
 30284 | Lair:6   | Found a sacrificial altar of Ru.
 31415 | Lair:6   | Found a staircase to the Slime Pits.
 31741 | Spider:1 | Entered Level 1 of the Spider Nest
 33599 | Spider:2 | Reached skill level 1 in Shields
 33954 | Spider:3 | Gained mutation: When seriously injured, your bleeding
                  | wounds create thick armour. (AC +9) [demonic ancestry]
 33954 | Spider:3 | Reached XP level 16. HP: 134/134 MP: 16/16
 33980 | Spider:3 | HP: 4/134 [poisoned by a redback]
 33993 | Spider:4 | Entered Level 4 of the Spider Nest
 33997 | Spider:4 | HP: 6/134 [redback (11)]
 34005 | Spider:4 | HP: 10/201 [demonic crawler (4)]
 34005 | Spider:4 | HP: 3/201 [demonic crawler (7)]
 34005 | Spider:4 | Slain by a demonic crawler

Illustrated notes

Levels and vault maps discovered:
D:1:      giann_bridges, layout_loops_corners
D:2:      layout_basic, chequers_ecumenical_altar_island, minmay_crystal_room
D:3:      layout_loops_ring, hangedman_ru_absence, fedhas_altar_fruit_tree
D:4:      layout_loops_ring, uniq_pikel
D:5:      layout_basic, uniq_eustachio, uniq_sigmund
D:6:      layout_loops_ring, gammafunk_temple_overflow_wave, temple_hall,
          portal_sewer_entry_b, roderic_batcave, hangedman_decor_clover_reticule
D:7:      layout_cave_pools, lemuel_doored_altar, okawaru_trees_1
D:8:      layout_basic
D:9:      layout_roguey, dancing_weapons_uskayaw, erik_lair_orcish_takeover,
          zombieorc1_lemuel, interstate_on_off
D:10:     layout_roguey, serial_shops, shop, gammafunk_ghost_spectres,
          minmay_checkerbox
D:11:     layout_basic, columned_hall_lemuel, lightli_church_of_beogh,
          uniq_sonja, uniq_snorg, uniq_fannar
D:12:     layout_basic, nrook_mini_vaults
D:13:     layout_loops_cross, serial_shops, shop
D:14:     layout_rooms, erik_vaults_1
D:15:     grunt_enter_depths_magical_seal, layout_layer_cave,
          serial_park_avenue1
Lair:1:   layout_hall_layers, uniq_gastronok
Lair:2:   beast_lair_carwin_large_2, layout_long_grid, minmay_shoals_entry_hut,
          dummy_spider_entry, kennysheep_rathole
Lair:3:   layout_small_grid, beast_lair_carwin_7
Lair:4:   layout_cave_pods, portal_ice_cave_entry_ice_beasts, uniq_urug
Lair:5:   gammafunk_mikee_crab_dinner, layout_gridlike, basic_altar,
          enter_volcano_1, serial_forest, infiniplex_forest_lined_2,
          infiniplex_forest_straight_1, infiniplex_forest_clump_small,
          infiniplex_forest_clump_large, infiniplex_forest_corner_2,
          infiniplex_forest_clump_curved, infiniplex_forest_lined_corner
Lair:6:   minmay_lair_end_frog_pond, layout_regular_city, slime_dummy,
          basic_altar, serial_bayou_shore_b
Spider:1: lemuel_spider_zombies, worms_lemuel
Spider:2: layout_spider_delve
Spider:3: layout_spider_delve
Spider:4: johnstein_spider_rune_arachne_lair, drop_trap

Skill      XL: |  1  2  3  4  5  6  7  8  9 10 11 12 13 14 15 16 |
---------------+-------------------------------------------------+-----
Long Blades    | 3 4 5 6 8 9 10 12 15 16 | 16.0
Fighting       | 4 6 7 8 10 11 14 | 14.4
Armour         | 7 11 13 | 13.0
Dodging        | 7 10 | 10.2
Shields        | 2 3 |  3.7

Action                   |  1- 3 |  4- 6 |  7- 9 | 10-12 | 13-15 | 16-18 || total
-------------------------+-------+-------+-------+-------+-------+-------++-------
Melee: Falchion          |    89 |    68 |   313 |   293 |   602 |       ||  1365
       Scimitar          |       |       |       |   399 |       |       ||   399
       Double sword      |       |       |       |       |   779 |    11 ||   790
       Great sword       |       |       |       |       |    24 |       ||    24
Throw: Dart              |       |       |       |       |     4 |       ||     4
Invok: Berserk           |     1 |     2 |    10 |    15 |    29 |     1 ||    58
       Trog's Hand       |       |       |     1 |     1 |     5 |     1 ||     8
  Use: Scroll            |       |     6 |     6 |       |    22 |       ||    34
       Potion            |       |       |       |     2 |     3 |     8 ||    13
 Stab: Sleeping          |     1 |       |     1 |       |       |       ||     2
Armor: Leather armour    |    21 |    11 |    41 |       |       |       ||    73
       Plate armour      |       |       |    60 |   444 |   721 |    58 ||  1283
Dodge: Dodged            |    50 |    36 |   176 |   326 |   844 |    65 ||  1497
Block: Buckler           |       |       |       |       |   141 |     8 ||   149
       Rpst.: Falchion   |    18 |     9 |    43 |    19 |    94 |       ||   183
       Scimitar          |       |       |       |    55 |       |       ||    55
       Double sword      |       |       |       |       |   126 |    12 ||   138
       Great sword       |       |       |       |       |     7 |       ||     7

Table legend: (Time is in decaauts)
 A = Elapsed time spent in this place.
 B = Non-inter-level travel time spent in this place.
 C = Inter-level travel time spent in this place.
 D = Time resting spent in this place.
 E = Time spent auto-exploring this place.
 F = Levels seen in this place.
 G = Mean time per level.
                   A        B        C        D        E       F      G
               +--------+--------+--------+--------+--------+-----+--------+
         Total |  34095 |  32766 |   1329 |   6542 |  21267 |  26 | 1311.3 |
       Dungeon |  20330 |  19365 |    965 |   3355 |  13323 |  15 | 1355.3 |
          Lair |  10152 |   9824 |    328 |   2208 |   6263 |   6 | 1692.0 |
   Spider Nest |   2235 |   2199 |     36 |    791 |    991 |   4 |  558.8 |
      Ice Cave |   1377 |   1377 |      0 |    186 |    690 |   1 | 1377.0 |
               +--------+--------+--------+--------+--------+-----+--------+

Top non-repeatable levels by time:
  Lair:5: 2548 daAuts
  Lair:6: 2467 daAuts
    D:10: 2356 daAuts
    D:15: 2099 daAuts
  Lair:2: 1759 daAuts
    D:13: 1742 daAuts
     D:5: 1711 daAuts
     D:9: 1631 daAuts
     D:4: 1550 daAuts
   IceCv: 1377 daAuts
     D:6: 1339 daAuts
  Lair:1: 1323 daAuts
     D:8: 1265 daAuts
     D:2: 1233 daAuts
    D:11: 1170 daAuts
